[Event "Titled Tuesday Blitz August 08 Late 2023"]
[White "Adan Bermudez, Sergio"]
[Black "Haydon, David L"]
[WhiteFideId "2292726"]
[BlackFideId "415405"]
[WhiteElo "2574"]
[BlackElo "2771"]
[Result "0-1"]
[Round "5"]
[TimeControl "180+1"]
[Date "2023.08.08"]
[WhiteClock "0:01:30"]
[BlackClock "0:01:55"]
[Board "51"]

1. c4 c6 2. Nc3 d5 3. e3 Nf6 4. Nf3 e6 5. b3 Bd6 6. Bb2 O-O 7. Qc2 Qe7 8. Be2 a6 9. Rg1 e5 10. h3 e4 11. Nd4 c5 12. Nxd5 Nxd5 13. cxd5 cxd4 14. Bxd4 Nd7 15. f3 Nf6 16. f4 Nxd5 17. a3 Bd7 18. b4 Rac8 19. Qb2 f6 20. g4 Bb5 21. Qb3 Qf7 22. g5 Bxe2 23. gxf6 Bc4 24. Rxg7+ Qxg7 25. fxg7 Bxb3 26. gxf8=Q+ Kxf8 0-1


[Site "https://www.chess.com"]

[Event "Titled Tuesday Blitz August 08 Late 2023"]
[White "Jaracz, Pawel"]
[Black "Moral Garcia, Serafin"]
[WhiteFideId "1102222"]
[BlackFideId "2201925"]
[WhiteElo "2765"]
[BlackElo "2567"]
[Result "0-1"]
[Round "5"]
[TimeControl "180+1"]
[Date "2023.08.08"]
[WhiteClock "0:00:11"]
[BlackClock "0:00:54"]
[Board "52"]

1. e4 e5 2. Nf3 Nf6 3. Nxe5 d6 4. Nc4 Nxe4 5. d4 d5 6. Ne3 c6 7. Bd3 Bd6 8. Nd2 Nxd2 9. Bxd2 Nd7 10. Qg4 g6 11. Qe2 O-O 12. h4 f5 13. O-O-O Nf6 14. h5 Ne4 15. hxg6 hxg6 16. Be1 Qf6 17. Qf3 Bd7 18. Qh3 Rf7 19. f3 Ng5 20. Bh4 Nxh3 21. Bxf6 Rxf6 22. Rxh3 Bf4 23. Rdh1 Bxe3+ 24. Kd1 Kf7 25. Rh7+ Ke6 26. Re1 f4 27. g3 g5 28. gxf4 gxf4 29. Reh1 Rg8 30. R1h5 Bxd4 31. c3 Be3 32. Kc2 Kd6 33. c4 Rg2+ 34. Kb3 dxc4+ 35. Bxc4 b5 36. Bd3 a5 37. a4 Be6+ 38. Kc3 b4# 0-1


[Site "https://www.chess.com"]

[Event "Titled Tuesday Blitz August 08 Late 2023"]
[White "Klukin, Kirill"]
[Black "Graif, William"]
[WhiteFideId "24199273"]
[BlackFideId "2609835"]
[WhiteElo "2755"]
[BlackElo "2566"]
[Result "1-0"]
[Round "5"]
[TimeControl "180+1"]
[Date "2023.08.08"]
[WhiteClock "0:00:23"]
[BlackClock "0:00:07"]
[Board "53"]

1. f4 e5 2. fxe5 d6 3. Nf3 Nc6 4. e4 dxe5 5. Bc4 Bc5 6. Qe2 Bg4 7. Bxf7+ Kxf7 8. Qc4+ Ke8 9. Qxc5 Bxf3 10. gxf3 Qf6 11. Rf1 Nd4 12. Na3 Qh4+ 13. Kd1 Qxh2 14. Qc4 Ne7 15. Nb5 Nxb5 16. Qxb5+ c6 17. Qe2 Qxe2+ 18. Kxe2 Ng6 19. d3 Rf8 20. Be3 Nf4+ 21. Kd2 Kd7 22. Rg1 g6 23. Rg4 Ne6 24. Rh1 Rf7 25. Ke2 a6 26. c3 Raf8 27. Rh3 Rg7 28. d4 Nf4+ 29. Bxf4 Rxf4 30. Rg5 exd4 31. cxd4 Ke6 32. Ke3 Rff7 33. f4 Rf8 34. Re5+ Kd6 35. Rg5 Rgf7 36. Rg4 Kd7 37. b3 Re7 38. Rgh4 Rfe8 39. Rxh7 Kd6 40. Rxe7 Rxe7 41. Rg3 Rg7 42. Rg5 Ke7 43. f5 Kf6 44. Kf4 gxf5 45. Rxg7 Kxg7 46. Kxf5 Kf7 47. Ke5 Ke7 48. Kf5 Kf7 49. e5 Ke7 50. e6 b6 51. Ke5 b5 52. b4 Ke8 53. Kd6 Kd8 54. Kxc6 Ke7 55. d5 Kf6 56. Kd7 Ke5 57. d6 Kd5 58. e7 Kc4 59. e8=Q 1-0


[Site "https://www.chess.com"]

[Event "Titled Tuesday Blitz August 08 Late 2023"]
[White "Principe, Alexander"]
[Black "Aradhya, Garg"]
[WhiteFideId "3804542"]
[BlackFideId "25006746"]
[WhiteElo "2563"]
[BlackElo "2748"]
[Result "1-0"]
[Round "5"]
[TimeControl "180+1"]
[Date "2023.08.08"]
[WhiteClock "0:00:41"]
[BlackClock "0:00:02"]
[Board "54"]

1. e4 e5 2. Nf3 Nc6 3. d4 exd4 4. Nxd4 Bc5 5. Be3 Qf6 6. c3 Nge7 7. Bc4 O-O 8. O-O Ne5 9. Be2 Qg6 10. Nd2 d5 11. f4 Ng4 12. Bxg4 Bxg4 13. Qc2 dxe4 14. Qxe4 Qxe4 15. Nxe4 Bb6 16. h3 Nd5 17. Bf2 Bd7 18. g3 Rfe8 19. Rfe1 Bg4 20. hxg4 Kf8 21. Nf5 Bxf2+ 22. Kxf2 g6 23. Nd4 Kg7 24. Ng5 h6 25. Ngf3 Nf6 26. Ne5 Re7 27. Kf3 Rae8 28. Nd3 Ne4 29. Rad1 c5 30. Nb5 a6 31. Na3 b5 32. Ne5 Nf6 33. c4 Rb7 34. b3 Re6 35. f5 Re8 36. Nd3 Rc8 37. Nf4 Rc6 38. Rd8 b4 39. Nc2 a5 40. Nd5 a4 41. Nce3 Ra6 42. Nxf6 Kxf6 43. Nd5+ Kg5 44. f6 Re6 45. Rxe6 fxe6 46. Nf4 axb3 47. axb3 Kxf6 48. Rf8+ Ke5 49. Re8 Kd4 50. Nxe6+ Kc3 51. Nxc5 Rc7 52. Re3+ Kc2 53. Ne6 Rf7+ 54. Ke4 Kb2 55. Kd5 h5 56. gxh5 gxh5 57. c5 Rf2 58. c6 Rd2+ 59. Nd4 Rd1 60. c7 Rc1 61. Kd6 Ka3 62. Kd7 Rd1 63. Re4 Rc1 64. Nc6 Rd1+ 65. Rd4 1-0


[Site "https://www.chess.com"]

[Event "Titled Tuesday Blitz August 08 Late 2023"]
[White "Hajiyev, Kanan"]
[Black "Kobo, Ori"]
[WhiteFideId "13404148"]
[BlackFideId "2812320"]
[WhiteElo "2560"]
[BlackElo "2738"]
[Result "0-1"]
[Round "5"]
[TimeControl "180+1"]
[Date "2023.08.08"]
[WhiteClock "0:00:15"]
[BlackClock "0:00:08"]
[Board "55"]

1. d4 Nf6 2. Nf3 g6 3. c4 Bg7 4. g3 d6 5. Bg2 O-O 6. O-O c6 7. b3 Bf5 8. Bb2 a5 9. Nc3 Ne4 10. Nh4 Nxc3 11. Bxc3 Bd7 12. Qd2 a4 13. d5 cxd5 14. Bxg7 Kxg7 15. Qd4+ Kg8 16. cxd5 axb3 17. axb3 Rxa1 18. Rxa1 Na6 19. b4 Qc8 20. Be4 Nc7 21. Rc1 Nb5 22. Qd2 Qa8 23. Nf3 Rc8 24. Rxc8+ Qxc8 25. Qh6 Qf8 26. Qd2 Qc8 27. Qh6 Qc3 28. Ng5 Qg7 29. Qxg7+ Kxg7 30. Bd3 Nc3 31. e4 Na2 32. b5 Nc3 33. Nf3 Bxb5 34. Bc2 Ba4 35. Bd3 Kf6 36. h4 h6 37. g4 b5 38. g5+ hxg5 39. hxg5+ Kg7 40. Nd4 b4 41. Kf1 b3 42. Ne2 Na2 43. Bb1 Bb5 44. Ke1 Bxe2 45. Kd2 Bc4 46. f4 f6 47. gxf6+ Kxf6 48. e5+ dxe5 49. fxe5+ Kxe5 50. Bxg6 Kxd5 51. Bb1 e5 52. Ke3 Nc3 53. Bg6 b2 54. Bc2 b1=Q 55. Bxb1 Nxb1 56. Kf2 Kd4 57. Ke1 Ke3 58. Kd1 Bd3 59. Ke1 Kd4 60. Kd1 e4 61. Ke1 Nc3 62. Kd2 Nd5 63. Ke1 e3 64. Kd1 Ba6 65. Ke1 Nf4 66. Kd1 e2+ 67. Ke1 Ng2+ 68. Kf2 e1=Q+ 69. Kxg2 Bb7+ 70. Kh3 Qg1 71. Kh4 Bf3 72. Kh3 Qg2+ 73. Kh4 Qg4# 0-1


[Site "https://www.chess.com"]

[Event "Titled Tuesday Blitz August 08 Late 2023"]
[White "Prohaszka, Peter"]
[Black "Santos Flores, Alberto"]
[WhiteFideId "726265"]
[BlackFideId "3601234"]
[WhiteElo "2716"]
[BlackElo "2552"]
[Result "1-0"]
[Round "5"]
[TimeControl "180+1"]
[Date "2023.08.08"]
[WhiteClock "0:00:35"]
[BlackClock "0:00:00"]
[Board "56"]

1. d4 d5 2. Nf3 Nf6 3. c3 c6 4. Bf4 Bf5 5. Qb3 Qb6 6. e3 Nbd7 7. Nbd2 Nh5 8. Bg5 h6 9. Bh4 g5 10. Bg3 Nxg3 11. hxg3 Bg7 12. c4 e6 13. c5 Qc7 14. Bd3 Bxd3 15. Qxd3 e5 16. Qf5 e4 17. Ng1 Nf6 18. Ne2 Qd7 19. Qxd7+ Kxd7 20. Nc3 Ng4 21. Ke2 Rae8 22. b4 f5 23. b5 f4 24. gxf4 gxf4 25. Rh4 fxe3 26. Rxg4 Bxd4 27. Ndxe4 Rhf8 28. fxe3 Be5 29. Rd1 Kc7 30. Nd6 1-0


[Site "https://www.chess.com"]

[Event "Titled Tuesday Blitz August 08 Late 2023"]
[White "Annaberdiyev, Meylis"]
[Black "Loay, Sameer"]
[WhiteFideId "14000563"]
[BlackFideId "8104239"]
[WhiteElo "2688"]
[BlackElo "2528"]
[Result "0-1"]
[Round "5"]
[TimeControl "180+1"]
[Date "2023.08.08"]
[WhiteClock "0:00:00"]
[BlackClock "0:00:20"]
[Board "57"]

1. e4 g6 2. d4 Bg7 3. Nf3 d6 4. Be2 Nf6 5. Nc3 O-O 6. O-O c5 7. d5 e6 8. Bc4 exd5 9. Nxd5 Nxd5 10. Bxd5 Nc6 11. c3 Be6 12. Bf4 Ne5 13. Bxe5 dxe5 14. Bxe6 fxe6 15. Qxd8 Raxd8 16. Rfd1 Bf6 17. Kf1 Kf7 18. Ke2 Ke7 19. a4 b6 20. Nd2 Bg7 21. Nc4 Rxd1 22. Rxd1 h5 23. f3 Rb8 24. Ra1 g5 25. h3 Rf8 26. Ra3 g4 27. Rb3 gxh3 28. gxh3 Rb8 29. Ra3 Bf6 30. Rb3 Kd7 31. Ne3 Rg8 32. a5 Kc6 33. axb6 axb6 34. Nc4 b5 35. Na3 Rg2+ 36. Kf1 Rg3 37. Ke2 Rg2+ 38. Kf1 Rg3 39. Ke2 Rxh3 40. Rxb5 Rh2+ 41. Kf1 Bh4 42. Rb8 Rf2+ 43. Kg1 Rxf3 44. Nc4 Bg3 45. Re8 Kd7 46. Rh8 Bf4 47. Rxh5 Rd3 0-1


[Site "https://www.chess.com"]

[Event "Titled Tuesday Blitz August 08 Late 2023"]
[White "Golubev, Mikhail"]
[Black "KarolKacprzak"]
[WhiteFideId "14100983"]
[WhiteElo "2613"]
[BlackElo "2687"]
[Result "1-0"]
[Round "5"]
[TimeControl "180+1"]
[Date "2023.08.08"]
[WhiteClock "0:00:41"]
[BlackClock "0:00:51"]
[Board "58"]

1. e4 c5 2. Nf3 d6 3. d4 cxd4 4. Nxd4 Nf6 5. Nc3 a6 6. Bc4 e6 7. O-O Be7 8. Bb3 b5 9. Qf3 Qb6 10. Be3 Qb7 11. Qg3 Nbd7 12. Rad1 b4 13. Nf5 exf5 14. Qxg7 Rf8 15. Nd5 Nxe4 16. Nxe7 Kxe7 17. Rfe1 Qb5 18. Bg5+ Ke8 19. Rxd6 Qc5 20. Bxf7+ Rxf7 21. Qg8+ 1-0


[Site "https://www.chess.com"]

[Event "Titled Tuesday Blitz August 08 Late 2023"]
[White "Weetik, Vjacheslav"]
[Black "ElDivis"]
[WhiteFideId "4153472"]
[WhiteElo "2667"]
[BlackElo "2522"]
[Result "1-0"]
[Round "5"]
[TimeControl "180+1"]
[Date "2023.08.08"]
[WhiteClock "0:00:09"]
[BlackClock "0:00:00"]
[Board "59"]

1. d4 Nf6 2. c4 g6 3. Nc3 Bg7 4. e4 d6 5. Nf3 O-O 6. Be2 e5 7. O-O Nc6 8. dxe5 dxe5 9. Bg5 Qxd1 10. Rfxd1 h6 11. Be3 Bg4 12. h3 Bxf3 13. Bxf3 Rad8 14. Nb5 Rxd1+ 15. Rxd1 Rc8 16. Nxa7 Nxa7 17. Bxa7 b6 18. c5 Ra8 19. cxb6 cxb6 20. Bxb6 Rxa2 21. Rd8+ Kh7 22. b4 Rb2 23. Bc5 h5 24. Rc8 h4 25. Rc7 Kg8 26. Kf1 Bh6 27. Rc8+ Kh7 28. Rc7 Kg8 29. Be7 Nh5 30. Bxh5 gxh5 31. Bc5 Rb1+ 32. Ke2 Rb2+ 33. Kd3 Bd2 34. Kc4 Be1 35. b5 Bxf2 36. b6 1-0


[Site "https://www.chess.com"]

[Event "Titled Tuesday Blitz August 08 Late 2023"]
[White "MKlose11"]
[Black "Ansh M Shah"]
[BlackFideId "25033379"]
[WhiteElo "2666"]
[BlackElo "2515"]
[Result "1/2-1/2"]
[Round "5"]
[TimeControl "180+1"]
[Date "2023.08.08"]
[WhiteClock "0:00:08"]
[BlackClock "0:00:06"]
[Board "60"]

1. e4 c5 2. Nc3 Nc6 3. g3 g6 4. d3 Bg7 5. Bg2 d6 6. Be3 Nf6 7. Qd2 O-O 8. h3 Rb8 9. Bh6 b5 10. Bxg7 Kxg7 11. f4 Nd4 12. Nd1 b4 13. Ne3 a5 14. Nf3 Nh5 15. Qf2 Nc6 16. O-O Bb7 17. Kh2 Qc7 18. Nh4 Nf6 19. Kg1 Nd4 20. g4 Ba6 21. Rad1 a4 22. Rfe1 a3 23. bxa3 bxa3 24. e5 dxe5 25. fxe5 Nd7 26. Nd5 Qd8 27. c3 Ne6 28. Qe3 Bb7 29. Rb1 Bxd5 30. Bxd5 Rxb1 31. Rxb1 Qc7 32. Bxe6 fxe6 33. Re1 c4 34. d4 Nb6 35. Rf1 Rxf1+ 36. Kxf1 Nd5 37. Qc1 Qb8 38. Qxa3 Qf8+ 39. Kg1 Qf4 40. Ng2 Qg3 41. h4 Qxg4 42. Qb2 Nf4 43. Qd2 Nd5 44. a4 Qg3 45. a5 Qxc3 46. Qxc3 Nxc3 47. Ne3 Nb5 48. Nxc4 Nxd4 49. a6 Nc6 50. Kf2 h6 51. Kf3 g5 52. hxg5 hxg5 53. Kg4 Kg6 54. Na5 Nxe5+ 55. Kg3 Nd7 56. a7 Nb6 57. Nc4 Na8 58. Kg4 Kf6 59. Ne3 e5 60. Nd5+ Ke6 61. Ne3 Kf6 62. Nd5+ Ke6 63. Ne3 Kd6 64. Kxg5 Kc5 65. Kf5 Kd4 66. Ng4 e4 67. Ke6 Kc5 68. Kxe7 Kb6 69. Ke6 Kxa7 70. Ke5 Nc7 71. Ne3 Nb5 72. Kxe4 1/2-1/2


[Site "https://www.chess.com"]

[Event "Titled Tuesday Blitz August 08 Late 2023"]
[White "Seemann, Jakub"]
[Black "Hristodoulou, Panagiotis"]
[WhiteFideId "21874697"]
[BlackFideId "4214340"]
[WhiteElo "2658"]
[BlackElo "2478"]
[Result "1/2-1/2"]
[Round "5"]
[TimeControl "180+1"]
[Date "2023.08.08"]
[WhiteClock "0:00:05"]
[BlackClock "0:00:06"]
[Board "61"]

1. e4 Nf6 2. Nc3 e6 3. d4 d5 4. e5 Ne4 5. Nxe4 dxe4 6. Ne2 c5 7. c3 Nc6 8. a3 Qb6 9. b4 cxd4 10. cxd4 a5 11. Be3 Nxb4 12. axb4 Bxb4+ 13. Bd2 O-O 14. Bxb4 Qxb4+ 15. Qd2 Qb6 16. g3 Bd7 17. Bg2 Bc6 18. O-O Rfd8 19. Qe3 a4 20. Bxe4 Bxe4 21. Qxe4 Qa6 22. Rfc1 b5 23. Rc6 Qa5 24. d5 Rxd5 25. Nf4 Rdd8 26. Nh5 Qd2 27. Qg4 Qh6 28. Rc7 Rac8 29. Qd4 Qxh5 30. Qd7 Ra8 31. Qe7 h6 32. Rb7 Rf8 33. Rxb5 Qe2 34. Qb4 a3 35. Ra5 a2 36. R1xa2 Qxa2 37. Rxa2 Rxa2 38. Qc4 Rfa8 39. Kg2 Rb2 40. Qc6 Rab8 41. h4 h5 42. Kf3 Rd8 43. Ke3 Rbd2 44. f4 R8d3+ 45. Ke4 Rd4+ 46. Kf3 R4d3+ 47. Ke4 Rd4+ 48. Ke3 Rd8 49. f5 exf5 50. Kf4 R2d4+ 51. Kxf5 Rg4 52. Qc3 Rg6 53. Qf3 Re8 54. Kf4 Rge6 55. Qxh5 g6 56. Qg5 Kg7 57. h5 Rxe5 58. h6+ Kh7 59. Qxe5 Rxe5 60. Kxe5 Kxh6 61. Kf6 Kh5 62. Kxf7 Kg4 63. Kxg6 Kxg3 1/2-1/2


[Site "https://www.chess.com"]

[Event "Titled Tuesday Blitz August 08 Late 2023"]
[White "Filipets, Egor"]
[Black "Zeynalli, Rashad"]
[WhiteFideId "13503928"]
[BlackFideId "13403320"]
[WhiteElo "2504"]
[BlackElo "2649"]
[Result "1-0"]
[Round "5"]
[TimeControl "180+1"]
[Date "2023.08.08"]
[WhiteClock "0:00:29"]
[BlackClock "0:00:21"]
[Board "62"]

1. c4 e6 2. Nf3 d5 3. g3 Nf6 4. Bg2 d4 5. O-O Be7 6. e3 Nc6 7. exd4 Nxd4 8. Nc3 O-O 9. d3 c5 10. Nxd4 cxd4 11. Ne2 e5 12. f4 e4 13. dxe4 d3 14. Nc3 Ng4 15. Nd5 Bc5+ 16. Kh1 Nf2+ 17. Rxf2 Bxf2 18. Qxd3 Be6 19. Bd2 Rc8 20. Bc3 Re8 21. Rd1 Bc5 22. h3 Qd7 23. g4 Bxg4 24. hxg4 Qxg4 25. Kh2 Rc6 26. Rf1 Rh6+ 27. Bh3 Rxe4 28. Rf2 Rxh3+ 29. Qxh3 Qxh3+ 30. Kxh3 Be3 31. Re2 1-0


[Site "https://www.chess.com"]

[Event "Titled Tuesday Blitz August 08 Late 2023"]
[White "Sathish, Pranav"]
[Black "Goltsev, Dmitry"]
[WhiteFideId "30967538"]
[BlackFideId "24176710"]
[WhiteElo "2476"]
[BlackElo "2637"]
[Result "1-0"]
[Round "5"]
[TimeControl "180+1"]
[Date "2023.08.08"]
[WhiteClock "0:01:22"]
[BlackClock "0:00:00"]
[Board "63"]

1. Nf3 d5 2. b3 Nf6 3. Bb2 g6 4. c4 Bg7 5. e3 O-O 6. cxd5 Nxd5 7. Bxg7 Kxg7 8. Nc3 Nc6 9. Bc4 Nb6 10. d4 Bg4 11. Be2 Qd7 12. h3 Bxf3 13. Bxf3 Rad8 14. O-O e5 15. dxe5 Qe6 16. Qe2 Nxe5 17. Bxb7 c6 18. Ba6 Qf5 19. Rad1 h5 20. Rxd8 Rxd8 21. Rd1 Re8 22. Bd3 Qf6 23. Ne4 Qe7 24. Bc2 Nd5 25. Qd2 Qe6 26. Nc3 Nf6 27. f4 Ned7 28. e4 Nc5 29. e5 Nfd7 30. b4 Qc4 31. bxc5 Nxc5 32. Qd4 Qxd4+ 33. Rxd4 Ne6 34. Rc4 Rd8 35. f5 gxf5 36. Bxf5 Nd4 37. Be4 a5 38. Bxc6 Ne6 39. Bd5 Ng5 40. h4 Nh7 41. Rc7 Re8 42. Rxf7+ Kg6 43. e6 Nf6 44. Rc7 1-0


[Site "https://www.chess.com"]

[Event "Titled Tuesday Blitz August 08 Late 2023"]
[White "Kleiman, Jake"]
[Black "szachmistrz2500"]
[WhiteFideId "2020041"]
[WhiteElo "2633"]
[BlackElo "2460"]
[Result "0-1"]
[Round "5"]
[TimeControl "180+1"]
[Date "2023.08.08"]
[WhiteClock "0:00:09"]
[BlackClock "0:00:18"]
[Board "64"]

1. Nf3 c5 2. g3 Nc6 3. Bg2 g6 4. O-O Bg7 5. d3 e5 6. c4 Nge7 7. Nc3 d5 8. cxd5 Nxd5 9. Bd2 O-O 10. Rc1 Nde7 11. a3 Be6 12. Ne4 b6 13. b4 cxb4 14. axb4 h6 15. b5 Na5 16. Bxa5 bxa5 17. Nc5 Bd5 18. Qa4 Rb8 19. Rc2 Nc8 20. Rb1 Nd6 21. Nd2 Bxg2 22. Kxg2 Qb6 23. Nde4 Nxe4 24. Qxe4 Rfd8 25. Na4 Qd6 26. Rc6 Qa3 27. Rc3 Qa2 28. Rb2 Qa1 29. Rc4 Qd1 30. Nc3 Qa1 31. Ra2 Qe1 32. Rxa5 Rd4 33. Qc6 e4 34. Rxd4 Bxd4 35. Nxe4 Qxa5 36. Qd6 Qb6 37. Qf4 Bg7 38. e3 Qxb5 39. d4 Qd7 40. Qf3 Re8 41. Nc5 Qc7 42. Qd5 Rd8 43. Qc4 Bf8 44. h4 Bxc5 45. dxc5 Rc8 0-1


[Site "https://www.chess.com"]

[Event "Titled Tuesday Blitz August 08 Late 2023"]
[White "Pantev, Veselin"]
[Black "Ingunza Curro, Andres"]
[WhiteFideId "2901390"]
[BlackFideId "24526371"]
[WhiteElo "2617"]
[BlackElo "2442"]
[Result "1-0"]
[Round "5"]
[TimeControl "180+1"]
[Date "2023.08.08"]
[WhiteClock "0:01:19"]
[BlackClock "0:00:28"]
[Board "65"]

1. d4 Nf6 2. Nf3 e6 3. Bf4 b6 4. e3 Bb7 5. h3 g6 6. c4 Bg7 7. Nc3 O-O 8. Be2 d6 9. Qc2 Nbd7 10. O-O Qe7 11. e4 e5 12. dxe5 dxe5 13. Bg5 h6 14. Nd5 Qd8 15. Be3 c6 16. Nxf6+ Qxf6 17. c5 Qe7 18. b4 a5 19. a3 b5 20. Rfd1 f5 21. Qd2 Nf6 22. exf5 gxf5 23. Bxh6 Rfd8 24. Qg5 Qf7 25. Nxe5 Qc7 26. Rd6 Ne4 27. Qxg7+ Qxg7 28. Rxd8+ Rxd8 29. Bxg7 Kxg7 30. Bf3 Kf6 31. Bxe4 Kxe5 32. Bf3 a4 33. Re1+ Kf6 34. Rd1 Rxd1+ 35. Bxd1 Ke5 36. h4 Bc8 37. Bf3 Bd7 38. h5 Kf6 39. g3 Kg5 40. Kf1 f4 41. Ke2 fxg3 42. fxg3 1-0


[Site "https://www.chess.com"]

[Event "Titled Tuesday Blitz August 08 Late 2023"]
[White "Bogaudinov, Rushan"]
[Black "Colbow, Collin"]
[WhiteFideId "4129288"]
[BlackFideId "16201132"]
[WhiteElo "2435"]
[BlackElo "2616"]
[Result "0-1"]
[Round "5"]
[TimeControl "180+1"]
[Date "2023.08.08"]
[WhiteClock "0:00:00"]
[BlackClock "0:00:04"]
[Board "66"]

1. d4 Nf6 2. Nf3 g6 3. g3 Bg7 4. Bg2 O-O 5. O-O b6 6. c4 Bb7 7. Nc3 d6 8. b3 e6 9. Bb2 c5 10. e3 Qe7 11. Qc2 Nbd7 12. a4 cxd4 13. Nxd4 Bxg2 14. Kxg2 Ne5 15. f3 Qb7 16. e4 Rfd8 17. Rad1 Rac8 18. Qe2 a6 19. h3 Ned7 20. Ba3 Nc5 21. b4 Ncd7 22. b5 Ne5 23. bxa6 Qxa6 24. Ncb5 Qxa4 25. Bxd6 Nxc4 26. Be7 Rd7 27. Ra1 Qxa1 28. Rxa1 Rxe7 29. Rc1 Nd6 30. Rxc8+ Nxc8 31. Qc4 Na7 32. Nxa7 Rxa7 33. Qc8+ Bf8 34. Nb5 Ra2+ 35. Kf1 Kg7 36. g4 Bc5 37. Qd8 Rf2+ 38. Ke1 Rxf3 39. g5 Nxe4 40. Nc7 Nd6 41. Qd7 Re3+ 42. Kf1 h6 43. gxh6+ Kxh6 44. Ne8 Nxe8 45. Qxe8 Kg7 46. Qd7 Rxh3 47. Qd8 Re3 48. Qg5 Re4 49. Qc1 Rd4 50. Qb2 e5 51. Qe2 e4 52. Qb2 e3 53. Ke2 Kg8 54. Qb5 Rd2+ 55. Ke1 Rg2 56. Qe8+ Kg7 57. Qe5+ Kh6 0-1


[Site "https://www.chess.com"]

[Event "Titled Tuesday Blitz August 08 Late 2023"]
[White "Kukavica, Tony"]
[Black "brm72"]
[WhiteFideId "2062542"]
[WhiteElo "2344"]
[BlackElo "2525"]
[Result "0-1"]
[Round "5"]
[TimeControl "180+1"]
[Date "2023.08.08"]
[WhiteClock "0:00:00"]
[BlackClock "0:00:28"]
[Board "67"]

1. d4 Nf6 2. Nf3 g6 3. Bf4 Bg7 4. e3 O-O 5. h3 d6 6. c3 Nbd7 7. Be2 c5 8. O-O b6 9. Bh2 Bb7 10. Nbd2 a6 11. a4 Ra7 12. Bd3 Qa8 13. Qe2 Ne4 14. Nxe4 Bxe4 15. Bxe4 Qxe4 16. Ng5 Qd5 17. Nf3 Qe4 18. Ng5 Qb7 19. Qf3 h6 20. Qxb7 Rxb7 21. Nf3 Nf6 22. Nd2 Ra8 23. e4 Nd7 24. Nb3 Rba7 25. f4 b5 26. axb5 axb5 27. dxc5 Rxa1 28. Rxa1 Rxa1+ 29. Nxa1 Nxc5 30. e5 dxe5 31. fxe5 Nd3 32. b3 Nxe5 33. Nc2 Nc6 34. c4 bxc4 35. bxc4 f5 36. Kf1 e5 37. Bg1 Kf7 38. Ke2 Ke6 39. Kd3 e4+ 40. Kd2 Be5 41. Be3 g5 42. Bb6 f4 43. Ke2 Ne7 44. c5 Nd5 45. Ba7 Kd7 46. Na3 Kc6 47. Nc4 Bc7 48. Bb6 Bxb6 49. cxb6 Nxb6 50. Ne5+ Kd5 51. Nf7 Ke6 52. Nxh6 Nd5 53. Ng4 Kf5 54. Nf2 Ne3 55. g3 Ng2 56. Nd1 f3+ 57. Kf2 Ke5 58. h4 gxh4 59. gxh4 Nxh4 60. Ne3 Nf5 61. Ng4+ Kf4 62. Nf6 e3+ 63. Kf1 f2 64. Nh5+ Kf3 0-1


[Site "https://www.chess.com"]

[Event "Titled Tuesday Blitz August 08 Late 2023"]
[White "littlepinkyboy"]
[Black "Tari, Aryan"]
[BlackFideId "1510045"]
[WhiteElo "2414"]
[BlackElo "2896"]
[Result "0-1"]
[Round "5"]
[TimeControl "180+1"]
[Date "2023.08.08"]
[WhiteClock "0:00:10"]
[BlackClock "0:00:44"]
[Board "68"]

1. e4 c5 2. Nf3 Nc6 3. d4 cxd4 4. Nxd4 Nf6 5. Nc3 e5 6. Ndb5 d6 7. Bg5 a6 8. Na3 b5 9. Bxf6 gxf6 10. Nd5 f5 11. Bd3 Be6 12. O-O Bxd5 13. exd5 Ne7 14. c4 Bg7 15. cxb5 e4 16. Be2 Bxb2 17. Nc2 Bxa1 18. Qxa1 Ng6 19. bxa6 O-O 20. Ne3 Qg5 21. Kh1 f4 22. Nc2 Ne5 23. Nd4 Kh8 24. Qb1 f3 25. gxf3 Rg8 26. Rg1 Qd2 27. Rd1 Qg5 28. Rg1 Qh4 29. Qxe4 Qxf2 30. Rf1 Qg2# 0-1


[Site "https://www.chess.com"]

[Event "Titled Tuesday Blitz August 08 Late 2023"]
[White "Harshavardhan G B"]
[Black "Garrido Outon, Alex"]
[WhiteFideId "25059009"]
[BlackFideId "24516279"]
[WhiteElo "2831"]
[BlackElo "2485"]
[Result "0-1"]
[Round "5"]
[TimeControl "180+1"]
[Date "2023.08.08"]
[WhiteClock "0:00:51"]
[BlackClock "0:00:54"]
[Board "69"]

1. e4 c6 2. Nf3 g6 3. d4 d5 4. exd5 cxd5 5. Ne5 Bg7 6. Bf4 Nf6 7. Bb5+ Nbd7 8. Nd2 O-O 9. O-O Ne8 10. Re1 Nd6 11. Bd3 Nf6 12. c3 Bf5 13. Qe2 Bxd3 14. Qxd3 Nfe4 15. f3 Nxd2 16. Qxd2 Re8 17. Re2 e6 18. Rae1 b5 19. Nd3 Qb6 20. Bh6 Bf6 21. Qf4 Qd8 22. Qd2 Nf5 23. Bf4 Qb6 24. g4 Nd6 25. Be5 Bxe5 26. Nxe5 Nc4 27. Qf4 Nxe5 28. Qxe5 b4 29. h4 bxc3 30. bxc3 Qb8 31. h5 Qxe5 32. dxe5 Rec8 33. Rb1 Kg7 34. hxg6 hxg6 35. Rb3 Rc4 36. Kf2 Rac8 37. Re3 Ra4 38. Re2 Rac4 39. Re3 Ra4 40. a3 Rc6 41. Re2 Rac4 42. Re3 Rb6 43. Rxb6 axb6 44. Kg3 g5 45. Re2 Rxc3 46. Rb2 Rxa3 47. Rxb6 Re3 48. Rb7 Rxe5 49. Kf2 d4 50. Rd7 Rd5 51. Ra7 d3 52. Ra1 d2 53. Rd1 Kf6 54. Ke3 Ke5 0-1


[Site "https://www.chess.com"]

[Event "Titled Tuesday Blitz August 08 Late 2023"]
[White "Adewumi, Tanitoluwa"]
[Black "Osmak, Yuliia"]
[WhiteFideId "30966396"]
[BlackFideId "14101602"]
[WhiteElo "2768"]
[BlackElo "2485"]
[Result "1/2-1/2"]
[Round "5"]
[TimeControl "180+1"]
[Date "2023.08.08"]
[WhiteClock "0:00:03"]
[BlackClock "0:00:07"]
[Board "70"]

1. e4 e6 2. d4 d5 3. exd5 exd5 4. Nf3 Nc6 5. Nc3 Bg4 6. Bb5 Ne7 7. O-O a6 8. Be2 Ng6 9. h3 Bf5 10. Re1 Be7 11. Bd3 Bxd3 12. Qxd3 O-O 13. Qf5 Bb4 14. Qh5 Bxc3 15. bxc3 h6 16. Rb1 b5 17. Ba3 Re8 18. Rxe8+ Qxe8 19. Qxd5 Nf4 20. Qf5 Ne2+ 21. Kh2 Nxc3 22. Re1 Qd8 23. Qc5 Qd6+ 24. Qxd6 cxd6 25. Bxd6 Rd8 26. Bc5 Na4 27. Be7 Rd7 28. Bc5 Nxc5 29. Re8+ Kh7 30. dxc5 Rc7 31. c3 f6 32. Ra8 Ne7 33. Rxa6 Rxc5 34. Ra7 Nc6 35. Rc7 Rc4 36. a4 bxa4 37. Nd4 a3 38. Nxc6 a2 39. Ra7 Rxc6 40. Rxa2 Rxc3 41. f3 h5 42. Kg3 Kh6 43. Ra5 g5 44. Ra8 h4+ 45. Kf2 Kg6 46. Kg1 Rc2 47. Kh2 Kf5 48. Rf8 Ke5 49. Re8+ Kf4 50. Re4+ Kf5 51. Ra4 Rc5 52. Kg1 Rc2 53. Kh2 Rb2 54. Ra5+ Kf4 55. Ra4+ Ke5 56. Rg4 Kf5 57. f4 gxf4 58. Rxh4 f3 59. Kg3 fxg2 60. Kh2 Kg5 61. Rg4+ Kh5 62. Rxg2 Rb3 63. Rf2 Kg5 64. Rg2+ Kf5 65. Rf2+ Kg6 66. Re2 f5 67. Rf2 Kg5 68. Rg2+ Kh5 69. Rf2 Kg5 70. Rg2+ Kf6 71. Rg8 Rc3 72. Rf8+ Kg5 73. Rg8+ Kf4 74. Rf8 Rc2+ 75. Kg1 Ke4 76. h4 f4 77. h5 Kf3 78. h6 Kg3 79. Rg8+ Kf3 80. h7 Rc1+ 81. Kh2 Rc2+ 82. Kh3 Rc1 83. Rg2 Rc8 84. Rg8 Rc1 85. Kh2 Rc2+ 86. Kh3 Rc1 1/2-1/2


[Site "https://www.chess.com"]

[Event "Titled Tuesday Blitz August 08 Late 2023"]
[White "Cheng, Xiao"]
[Black "Do Valle Cardoso, Lucas"]
[WhiteFideId "2022915"]
[BlackFideId "2163144"]
[WhiteElo "2484"]
[BlackElo "2723"]
[Result "0-1"]
[Round "5"]
[TimeControl "180+1"]
[Date "2023.08.08"]
[WhiteClock "0:00:12"]
[BlackClock "0:00:06"]
[Board "71"]

1. d4 d5 2. c4 dxc4 3. e4 e5 4. Nf3 exd4 5. Nxd4 Nf6 6. Nc3 Bc5 7. Be3 Ng4 8. Bxc4 Nxe3 9. fxe3 O-O 10. O-O Nd7 11. Kh1 Ne5 12. Bb3 c6 13. Qh5 Qc7 14. Nf5 g6 15. Nh6+ Kg7 16. Qh4 Be7 17. Qg3 Kxh6 18. Rac1 Qd6 19. Rcd1 Qc7 20. Bxf7 Bg4 21. Rc1 Kg7 22. Nd5 Qd6 23. Nxe7 Qxe7 24. Bb3 Rxf1+ 25. Rxf1 Rf8 26. Ra1 h5 27. h3 h4 28. Qe1 Be6 29. Bc2 Qg5 30. Rd1 Qg3 31. Qg1 Rf2 32. Bb3 Bxb3 33. axb3 Nf3 34. Rd7+ Kh6 35. Rd8 Nxg1 36. Rh8+ Kg7 37. Rxh4 Qxg2# 0-1


[Site "https://www.chess.com"]